 Dungeon Crawl Stone Soup version 0.25.1-2-g60ff931df9 (webtiles) character file.

Game seed: 10762735950426390583

632 Descartes the Shield-Bearer (level 7, -2/62 HPs)
             Began as a Formicid Fighter on Aug 16, 2020.
             Was a Follower of Cheibriados.
             Slain by Prince Ribbit (7 damage)
             ... on level 5 of the Dungeon.
             The game lasted 00:09:49 (4204 turns).

Descartes the Shield-Bearer (Formicid Fighter)      Turns: 4204, Time: 00:09:49

Health: -2/62      AC: 12    Str: 23    XL:     7   Next: 78%
Magic:  8/8        EV:  7    Int: 11    God:    Cheibriados [*.....]
Gold:   193        SH: 16    Dex: 12    Spells: 8/8 levels left

rFire    . . .     SeeInvis +   a - +0 long sword
rCold    . . .     Gourm    .   c - +0 kite shield
rNeg     . . .     Faith    .   s - +0 chain mail
rPois    .         Spirit   .   (helmet unavailable)
rElec    .         Reflect  +   v - +0 cloak
rCorr    .         Harm     .   (no gloves)
MR       +....                  p - +0 pair of boots
Stlth    ..........             n - amulet of reflection
HPRegen  0.20/turn              (no ring)
MPRegen  0.11/turn              (no ring)

@: mighty, very slow
A: permanent stasis, dig shafts and tunnels, four strong arms, antennae 3, low
mp 1, magic resistance 1, robust 1, no potion heal 1
a: Dig, Shaft Self, Bend Time, Renounce Religion


You were on level 5 of the Dungeon.
You worshipped Cheibriados.
Cheibriados was aware of your devotion.
You were hungry.

You visited 1 branch of the dungeon, and saw 5 of its levels.

You collected 193 gold pieces.

Inventory:

Hand Weapons
 a - a +0 long sword (weapon)
Missiles
 i - 24 bolts
 l - 33 arrows
 m - 92 stones (quivered)
 t - 14 sling bullets
 w - 5 boomerangs
Armour
 b - a +0 scale mail
 c - a +0 kite shield (worn)
 p - a +0 pair of boots (worn)
 s - a +0 chain mail (worn)
 v - a +0 cloak (worn)
Jewellery
 n - an amulet of reflection (around neck)
Wands
 r - a wand of digging (7)
Scrolls
 g - 2 scrolls of immolation {unknown}
 h - 2 scrolls of fog {unknown}
 k - 3 scrolls of teleportation {unknown}
 o - a scroll of magic mapping {unknown}
 q - 2 scrolls of enchant weapon {unknown}
 u - 2 scrolls of enchant armour {unknown}
 x - 4 scrolls of identify {unknown}
 y - a scroll of amnesia {unknown}
 A - a scroll of remove curse {unknown}
Potions
 e - 4 potions of haste
 j - a potion of curing {unknown}
 B - a potion of mutation
 C - a potion of brilliance {unknown}
 D - a potion of degeneration {unknown}
Comestibles
 f - 7 rations
 z - 9 chunks of flesh


   Skills:
 + Level 5.9 Fighting
 - Level 2.0 Long Blades
 + Level 5.8 Armour
 + Level 6.4 Shields
 - Level 1.3 Spellcasting


You had 8 spell levels left.
You didn't know any spells.
Your spell library was empty.

Dungeon Overview and Level Annotations

Branches:
Dungeon (5/15)             Temple (0/1) D:5

Altars:
Cheibriados
Okawaru
Trog
Yredelemnul
The Shining One

Annotations:
D:5 Grinder, Prince Ribbit


Innate Abilities, Weirdness & Mutations

You cannot be hasted, slowed, berserked, paralysed or teleported.
You can dig through walls and to a lower floor.
Your four strong arms can wield two-handed weapons with a shield.
You have a pair of large antennae on your head. (SInv)
Your magical capacity is low. (-10% MP)
You are resistant to hostile enchantments. (MR+)
You are robust. (+10% HP)
Potions are less effective at restoring your health.


Message History

You block Prince Ribbit's attack.
You miss Prince Ribbit.
Prince Ribbit is lightly wounded.
Prince Ribbit hits you!
* * * LOW HITPOINT WARNING * * *
Prince Ribbit catches a centipede with his tongue.
You hit Prince Ribbit but do no damage.
Prince Ribbit is lightly wounded.
You block Prince Ribbit's attack. x2
It was a potion of mutation.
You feel extremely strange.
You feel robust.
Your system partially rejects the healing effects of potions.
You feel less energetic.
You feel resistant to hostile enchantments.
You block Prince Ribbit's attack.
Okay, then.
Okay, then.
You feel very mighty all of a sudden. You block Prince Ribbit's attack.
Prince Ribbit hits you!
You die...

.#.#....#.#.#
.#.#....#.#.#
.#.#..#.#.#.#
.#.#..#.#.#.#
.#.#..#...#)#
.#.##.#####.#
#....#.....# #####...#..#
#### #......#.##@#
##..#..##.#F##
##...#.....##{# .#
##..#.#.#..##{## .#
#....###....##{###.#
...#...#...#......#.####.
....#.....#..§.#.........
##.>.#####..§........
#.....#..$.#{........


You could see Prince Ribbit.

Vanquished Creatures
  Sigmund (D:5)
  A scorpion (D:4)
  A water moccasin skeleton (D:4)
  A hound (D:5)
  An orc wizard (D:5)
  2 worker ants (D:4)
  Terence (D:3)
  A hound skeleton (D:5)
  4 gnolls
  10 adders
  5 dart slugs
  A worm (D:3)
  4 leopard geckos
  11 orcs
  14 bats
  6 giant cockroaches
  8 goblins
  7 hobgoblins
  2 jackals (D:3)
  9 kobolds
  2 quokkas
  3 ball pythons
  5 frilled lizards
  A leopard gecko skeleton (D:4)
  6 rats
107 creatures vanquished.

Notes
Turn   | Place    | Note
-------+----------+-------------------------------------------
     0 | D:1      | Descartes the Formicid Fighter began the quest for the Orb.
     0 | D:1      | Reached XP level 1. HP: 18/18 MP: 1/1
   143 | D:1      | Reached XP level 2. HP: 24/24 MP: 2/2
   195 | D:1      | Reached XP level 3. HP: 14/29 MP: 2/4
   365 | D:1      | Reached skill level 4 in Shields
   365 | D:1      | Reached skill level 1 in Spellcasting
  1142 | D:2      | Reached XP level 4. HP: 37/37 MP: 5/5
  1871 | D:2      | Reached XP level 5. HP: 42/42 MP: 6/6
  1907 | D:2      | Found a basalt altar of Yredelemnul.
  2470 | D:3      | Noticed Terence
  2495 | D:3      | Killed Terence
  2495 | D:3      | Reached skill level 5 in Shields
  2495 | D:3      | Reached XP level 6. HP: 45/49 MP: 7/7
  2599 | D:3      | Found an iron altar of Okawaru.
  2642 | D:3      | Found a glowing golden altar of the Shining One.
  2644 | D:3      | Found a bloodstained altar of Trog.
  2665 | D:3      | Found a snail-covered altar of Cheibriados.
  2820 | D:3      | Became a worshipper of Cheibriados the Contemplative
  3403 | D:4      | Reached skill level 5 in Fighting
  3403 | D:4      | Reached skill level 5 in Armour
  3718 | D:4      | Reached XP level 7. HP: 55/56 MP: 8/8
  3968 | D:5      | Entered Level 5 of the Dungeon
  3970 | D:5      | Noticed Sigmund
  3977 | D:5      | Killed Sigmund
  3977 | D:5      | Reached skill level 6 in Shields
  4117 | D:5      | Reached * piety under Cheibriados
  4149 | D:5      | Found a staircase to the Ecumenical Temple.
  4167 | D:5      | Noticed Prince Ribbit
  4168 | D:5      | Noticed Grinder
  4203 | D:5      | Gained mutation: You are robust. (+10% HP) [potion of
                  | mutation]
  4203 | D:5      | Gained mutation: Potions are less effective at restoring
                  | your health. [potion of mutation]
  4203 | D:5      | Gained mutation: Your magical capacity is low. (-10% MP)
                  | [potion of mutation]
  4203 | D:5      | Gained mutation: You are resistant to hostile enchantments.
                  | (MR+) [potion of mutation]
  4204 | D:5      | Slain by Prince Ribbit

Illustrated notes

Levels and vault maps discovered:
D:1:      lightli_arrival_farm, layout_basic, minmay_misc_feat_rugged,
          minmay_worlds_worst_comb
D:2:      layout_basic, yredelemnul_altar_generic
D:3:      layout_loops_ring, okawaru_gym_becter,
          gammafunk_temple_overflow_forgotten, uniq_terence
D:4:      layout_loops_ring, first_ration
D:5:      layout_basic, marbit_many_paths, nicolae_gozag_seed_capital,
          minmay_temple_entry_arrows, enter_ossuary_1, uniq_grinder,
          uniq_sigmund, uniq_prince_ribbit1

Skill      XL: |  1  2  3  4  5  6  7 |
---------------+----------------------+-----
Shields        | 4 5 6 |  6.4
Spellcasting   | 1 |  1.3
Fighting       | 4 5 |  5.9
Armour         | 4 5 |  5.8
Long Blades    | |  2.0

Action                   |  1- 3 |  4- 6 |  7- 9 || total
-------------------------+-------+-------+-------++-------
Melee: Long sword        |   113 |   248 |    69 ||   430
 Abil: Dig               |       |       |     1 ||     1
  Use: Potion            |       |       |     2 ||     2
  Eat: Chunk             |     1 |     9 |     2 ||    12
Armor: Scale mail        |    55 |    47 |       ||   102
       Chain mail        |       |    28 |    32 ||    60
Dodge: Dodged            |    48 |    54 |    16 ||   118
Block: Kite shield       |    78 |   195 |    79 ||   352
       Reflection        |       |     5 |       ||     5
       Rpst.: Long sword |    20 |    15 |     8 ||    43
